 Dungeon Crawl Stone Soup version 0.15-a0-834-gd31242b (webtiles) character file.

73 4tharraofdagon the Changer (level 4, -1/38 HPs)
             Began as a Naga Transmuter on May 15, 2014.
             Slain by a giant frog (8 damage)
             ... on Level 3 of the Dungeon.
             The game lasted 00:03:25 (607 turns).

4tharraofdagon the Changer (Naga Transmuter)         Turns: 607, Time: 00:03:26

HP  -1/38        AC  2     Str 12      XL: 4   Next: 27%
MP   1/7         EV 19     Int 13      God:
Gold 27          SH  0     Dex 18      Spells:  2 memorised,  3 levels left

rFire  . . .     SeeInvis +       - Unarmed
rCold  . . .     Clarity  .     c - melded +0 robe
rNeg   . . .     Conserve .     (shield currently unavailable)
rPois  x         rCorr    .     (helmet currently unavailable)
rElec  .         rRot     .     (cloak currently unavailable)
SustAb . .       Spirit   .     (gloves currently unavailable)
rMut   .         Warding  .     g - melded +0 naga barding
Gourm  .         Stasis   .     (no amulet)
MR     .....                    (no ring)
                                (no ring)

@: spider-form, short of breath, quick, not resistant to hostile enchantments,
unstealthy
A: spit poison, see invisible, (deformed body), (poison resistance), (slowness
0), AC +1
a: Spit Poison, End Transformation


You were on level 3 of the Dungeon.
You were hungry.
You were in spider-form.
You visited 1 branch of the dungeon, and saw 3 of its levels.

You collected 27 gold pieces.

Inventory:

Missiles
 b - 12 arrows
Armour
 c - a +0 robe (melded)
 g - a +0 naga barding (melded)
Magical devices
 e - a wand of flame (3)
Comestibles
 a - 2 bread rations
 i - a chunk of gnoll flesh
 j - 4 chunks of orc flesh
Scrolls
 f - a scroll of enchant armour {unknown}
 h - a scroll of enchant weapon I {unknown}
Books
 d - a book of Changes

   Spells                             Type                      Level
   *Beastly Appendage                 Transmutation                1
   Sticks to Snakes                   Transmutation                2
   *Spider Form                       Transmutation/Poison         3
   Ice Form                           Ice/Transmutation            4
   Blade Hands                        Transmutation                5


   Skills:
 + Level 1.2 Fighting
 + Level 1.9 Dodging
 + Level 1.9 Stealth
 * Level 3.2 Unarmed Combat
 + Level 2.2 Spellcasting
 + Level 3.4 Transmutations


You had 3 spell levels left.
You knew the following spells:

 Your Spells              Type           Power        Failure   Level  Hunger
a - Beastly Appendage     Trmt           ##....       24%         1    ##.....
b - Spider Form           Trmt/Pois      #.........   61%         3    ####...


Dungeon Overview and Level Annotations

Branches:
Dungeon (3/15)

Altars:
Vehumet


Innate Abilities, Weirdness & Mutations

You cannot wear boots.
You can spit poison.
((Your serpentine skin is tough (AC +1).))*
You have supernaturally acute eyesight.
((Armour fits poorly on your strangely shaped body.))*
((Your system is resistant to poisons.))*
((You cover ground very slowly.))*


Message History

You turn into a venomous arachnid creature.
Your +0 naga barding melds into your body.
Your +0 robe melds into your body.
You are feeling hungry.
Unknown command.
You hit the giant frog.
The giant frog is poisoned.
The giant frog is lightly wounded.
The giant frog completely misses you.
The giant frog hits you but does no damage.
Unknown command.
You hit the giant frog.
The giant frog looks even sicker.
The giant frog is heavily wounded.
The giant frog hits you.
* * * LOW HITPOINT WARNING * * *
A goblin comes into view.
Unknown command.
You hit the giant frog but do no damage.
The giant frog is heavily wounded.
The giant frog completely misses you. The giant frog hits you!
You die...

# .# . ####.#g##
.........
#######.....#
#......F....+
#####s....#
#.........#
#.##......#
#.##......#
#)##.###### #
#)##.#
#.########%##.#
#..........##.#
#.####......###.#


You could see a giant frog and a goblin.

Vanquished Creatures
  2 adders
  3 gnolls (D:3)
  An orc (D:3)
  A bat (D:3)
  A giant cockroach (D:2)
  3 goblins
  4 hobgoblins
  2 jackals (D:2)
  A quokka (D:2)
  3 kobolds
  2 rats (D:2)
23 creatures vanquished.

Notes
Turn   | Place    | Note
--------------------------------------------------------------
     0 | D:1      | 4tharraofdagon, the Naga Transmuter, began the quest for the Orb.
     0 | D:1      | Reached XP level 1. HP: 18/18 MP: 3/3
    24 | D:2      | Found a radiant altar of Vehumet.
    63 | D:2      | Reached XP level 2. HP: 5/25 MP: 4/4
   182 | D:2      | Reached XP level 3. HP: 11/31 MP: 6/6
   252 | D:3      | Learned a level 3 spell: Spider Form
   569 | D:3      | Reached skill level 1 in Stealth
   573 | D:3      | Reached XP level 4. HP: 17/38 MP: 0/7
   603 | D:3      | Noticed a giant frog
   607 | D:3      | Slain by a giant frog

Action                   |  1- 3 |  4- 6 || total
-------------------------+-------+-------++-------
Melee: Unarmed           |    49 |     7 ||    56
 Cast: Spider Form       |     2 |     1 ||     3
       Beastly Appendage |     1 |       ||     1
 Abil: Spit Poison       |    12 |     1 ||    13
       End Transformatio |     1 |       ||     1
Evoke: Wand              |     5 |       ||     5

Vault maps used:
D:1:      saegor_arrival_fortress
D:2:      grunt_temple_overflow_octagram, first_bread, vehumet_altar_wand_db
